 Dungeon Crawl Stone Soup version 0.22-a0-303-g4a852b3 (webtiles) character file.

14627 Sergey the Thaumaturge (level 12, -4/64 HPs)
             Began as a Vine Stalker Ice Elementalist on Mar 27, 2018.
             Was an Elder of Cheibriados.
             Slain by Snorg (11 damage)
             ... on level 4 of the Lair of Beasts.
             The game lasted 00:53:36 (6195 turns).

Sergey the Thaumaturge (VSIE)                       Turns: 6195, Time: 00:53:38

Health: -4/64      AC: 13    Str: 22    XL:     12   Next: 18%
Magic:  0/25       EV: 16    Int: 23    God:    Cheibriados [****..]
Gold:   685        SH:  0    Dex: 24    Spells: 7/27 levels left

rFire    . . .     SeeInvis .   w - +2 dagger (venom)
rCold    . . .     Gourm    .   (no shield)
rNeg     + + +     Faith    +   R - +2 robe of the Desolation of Salt {rPois rN++ Regen+ Int-4}
rPois    +         Spirit   +   B - +0 helmet
rElec    .         Reflect  .   P - +0 cloak
rCorr    .         Harm     .   i - +0 pair of gloves
MR       +....                  g - +0 pair of boots
Stlth    +++.......             I - amulet of faith
HPRegen  1.40/turn              m - +5 ring of protection
MPRegen  0.19/turn              S - ring of positive energy

@: very slow
A: fangs 3, regeneration 2, magic shield, antimagic bite, no potion heal 3, rot
immunity
a: Bend Time, Temporal Distortion, Slouch, Renounce Religion


You were on level 4 of the Lair of Beasts.
You worshipped Cheibriados.
Cheibriados was greatly pleased with you.
You were not hungry.

You visited 3 branches of the dungeon, and saw 16 of its levels.

You collected 685 gold pieces.

Inventory:

Hand Weapons
 s - a +0 blowgun
 w - a +2 dagger of venom (weapon)
Missiles
 d - 158 arrows
 h - 36 bolts
 o - 112 sling bullets
 r - a throwing net {!f}
 t - 347 stones
 z - 11 javelins (quivered)
 C - 5 curare-tipped needles
 U - 4 silver javelins
Armour
 a - a +0 robe
 e - the +3 robe of Cigoi {rN+}
   (You found it on level 8 of the Dungeon)

   It protects you from negative energy.
 g - a +0 pair of boots (worn)
 i - a +0 pair of gloves (worn)
 n - a +0 chain mail
 B - a +0 helmet (worn)
 G - a +0 leather armour
 N - a +0 troll leather armour
 P - a +0 cloak (worn)
 R - the +2 robe of the Desolation of Salt (worn) {rPois rN++ Regen+ Int-4}
   (You found it on level 4 of the Lair of Beasts)

   It affects your intelligence (-4).
   It protects you from poison.
   It greatly protects you from negative energy.
   It increases your rate of regeneration.
Jewellery
 j - an uncursed ring of fire
 m - a +5 ring of protection (left hand)
 I - an amulet of faith (around neck)
 S - a ring of positive energy (right hand)
Wands
 v - a wand of digging (14)
 F - a wand of flame (23)
Scrolls
 k - 2 scrolls of blinking
 l - 7 scrolls of remove curse {@r2}
 p - a scroll of enchant weapon {unknown}
 q - 4 scrolls of fog {unknown}
 y - 2 scrolls of teleportation {@r3}
 A - 3 scrolls of amnesia
 D - 5 scrolls of magic mapping
 E - a scroll of fear
 K - 2 scrolls of enchant armour
 L - 4 scrolls of immolation
 M - 2 scrolls of vulnerability {unknown}
 O - a scroll of random uselessness {unknown}
 Q - a scroll of identify {@r1}
Potions
 b - 2 potions of lignification
 f - 2 potions of flight
 u - a potion of cancellation
 x - 3 potions of curing {@q2}
 H - a potion of brilliance
 J - a potion of invisibility
 T - a potion of mutation {unknown}
 V - a potion of agility {unknown}
Comestibles
 c - 28 rations
 W - 3 chunks of flesh


   Skills:
 + Level 7.9 Fighting
 + Level 7.8 Short Blades
 - Level 5.0 Dodging
 - Level 2.4 Stealth
 + Level 5.0 Unarmed Combat
 - Level 8.0 Spellcasting
 - Level 1.0 Conjurations
 - Level 4.0 Charms
 + Level 4.9 Summonings
 - Level 5.0 Ice Magic
 + Level 7.2 Invocations


You had 7 spell levels left.
You knew the following spells:

 Your Spells              Type           Power        Failure   Level  Hunger
a - Freeze                Ice            ####         1%          1    None
b - Summon Ice Beast      Ice/Summ       ####....     9%          4    ###....
c - Conjure Flame         Conj/Fire      ##......     17%         3    None
d - Mephitic Cloud        Conj/Pois/Air  ##......     19%         3    None
e - Blink                 Tloc           N/A          11%         2    None
r - Summon Lightning Spi  Summ/Air       ###.....     24%         4    ###....
x - Ozocubu's Armour      Chrm/Ice       ####....     3%          3    None


Dungeon Overview and Level Annotations

Branches:
Dungeon (10/15)            Temple (1/1) D:5            Lair (5/6) D:9
  Slime (0/5) Lair:5
  Swamp: Lair:2-4    Shoals: Lair:2-4     Snake: Lair:2-4    Spider: Lair:2-4
    Orc: D:9-12

Altars:
Ashenzari
Cheibriados
Dithmenos
Elyvilon
Fedhas
Gozag
Hepliaklqana
Kikubaaqudgha
Makhleb
Nemelex Xobeh
Okawaru
Qazlal
Ru
Sif Muna
Trog
Uskayaw
Vehumet
Wu Jian
Xom
Yredelemnul
Zin
The Shining One

Annotations:
D:1 exclusion: downstairs
Lair:4 Snorg


Innate Abilities, Weirdness & Mutations

You have razor-sharp teeth.
You heal very quickly.
When hurt, damage is shared between your health and your magic reserves.
Your bite disrupts and absorbs the magic of your enemies.
Potions cannot restore your health.
You are immune to rotting.


Message History

Snorg shouts!
Snorg goes berserk!
Snorg misses you. Snorg claws you. Snorg claws you but does no damage.
Snorg barely misses you. x3; Snorg bites you!
Snorg claws you! Snorg closely misses you. Snorg bites you but does no damage.
Snorg claws you but does no damage. Snorg misses you.
You see here a scroll of remove curse {@r2}.
Unknown command.
You can feel time thicken for a moment.
You feel somewhat more hungry.
Cheibriados lowers the support of your attributes as your movement quickens.
Snorg bites you!! Snorg claws you. Snorg claws you!
Unknown command.
Casting: Conjure Flame (safe; 17% risk of failure)
Confirm with . or Enter, or press ? or * to list all spells.
You blink.
Snorg bites you!
* * * LOW HITPOINT WARNING * * *
Snorg closely misses you. Snorg claws you!
* * * LOW HITPOINT WARNING * * *
Snorg bites you!
You die...

#PP#........##...# #
##...........# #
##......##..# ##
#.....#..# ## P#####
#..#..##.#
.#.#.##########P.#.##
##
....................#
..####.#.#.P###P...##
..# #....P.#####.@##
................T.#
.##P######..#..#.ยง#
.#### #####.#### ## #
#


You could see Snorg (berserk).

Vanquished Creatures
  2 hydras
  The ghost of Amnesiac the Destroyer, a novice DgCj (D:9)
  2 death yaks
  Psyche (D:9)
  2 spiny frogs
  A gargoyle (D:9)
  A komodo dragon (Lair:4)
  2 trolls (D:9)
  2 dream sheep (Lair:2)
  10 blink frogs
  A wyvern (D:9)
  6 yaks
  3 hogs (D:8)
  A human (D:8)
  Edmund (D:5)
  2 water moccasins
  5 porcupines
  An ice beast (D:9)
  2 sky beasts
  An orc warrior (D:8)
  2 phantoms
  2 black bears
  3 ogres
  3 centaurs
  2 crocodiles
  8 bullfrogs
  A gnoll sergeant (D:7)
  5 scorpions
  A jelly (D:9)
  7 killer bees
  5 wights (D:9)
  A howler monkey (D:7)
  3 crimson imps
  A bullfrog zombie (D:5)
  3 hounds
  5 bullfrog skeletons
  2 orc priests
  3 orc wizards
  Jessica (D:3)
  6 worker ants
  A centaur skeleton (D:9)
  3 iguanas
  A killer bee zombie (D:5)
  A hound skeleton (D:3)
  2 worker ant zombies
  Robin (D:4)
  5 adders
  3 gnolls (D:2)
  4 shadow imps
  2 worms (D:3)
  A dart slug (D:1)
  4 leopard geckos
  12 orcs
  9 bats
  6 giant cockroaches
  8 hobgoblins
  7 jackals
  2 quokkas
  5 frilled lizards
  15 goblins
  3 kobolds
  2 quokka skeletons
  4 rats
  A plant (Lair:3)
213 creatures vanquished.

Vanquished Creatures (collateral kills)
  Urug (Lair:3)
  A spiny frog (Lair:3)
  A troll (D:9)
  4 blink frogs
  4 yaks
  A porcupine (Lair:5)
  A killer bee (D:8)
  2 shadow imps (D:5)
15 creatures vanquished.

Vanquished Creatures (others)
  3 dream sheep (Lair:2)
  A water moccasin (Lair:2)
  A porcupine (Lair:2)
  A fungus (Lair:4)
  A plant (Lair:4)
7 creatures vanquished.

Grand Total: 235 creatures vanquished

Notes
Turn   | Place    | Note
-------+----------+-------------------------------------------
     0 | D:1      | Sergey the Vine Stalker Ice Elementalist began the quest for the Orb.
     0 | D:1      | Reached XP level 1. HP: 9/9 MP: 4/4
   156 | D:1      | Reached XP level 2. HP: 12/14 MP: 1/6
   238 | D:1      | Reached skill level 1 in Unarmed Combat
   622 | D:1      | Reached XP level 3. HP: 13/17 MP: 5/7
   633 | D:1      | Learned a level 3 spell: Ozocubu's Armour
   728 | D:2      | Reached skill level 1 in Fighting
   801 | D:3      | Gained mutation: Your natural rate of healing is unusually fast. [Vine Stalker growth]
   801 | D:3      | Reached XP level 4. HP: 22/22 MP: 7/9
  1080 | D:5      | Entered Level 5 of the Dungeon
  1091 | D:5      | Reached skill level 3 in Spellcasting
  1091 | D:5      | Reached XP level 5. HP: 24/25 MP: 8/10
  1107 | D:5      | Found a transporter.
  1145 | D:5      | Found a staircase to the Ecumenical Temple.
  1156 | Temple   | Entered the Ecumenical Temple
  1501 | D:4      | Found an iron altar of Okawaru.
  1534 | D:4      | Noticed Robin
  1570 | D:4      | Killed Robin
  1572 | D:4      | Reached skill level 1 in Short Blades
  1579 | D:4      | Reached skill level 1 in Charms
  1737 | D:3      | Noticed Jessica
  1743 | D:3      | Killed Jessica
  1802 | D:2      | Found a glowing golden altar of the Shining One.
  1970 | D:2      | Found a snail-covered altar of Cheibriados.
  1971 | D:2      | Found a shattered altar of Ashenzari.
  1978 | D:2      | Became a worshipper of Cheibriados the Contemplative
  2105 | D:2      | Reached XP level 6. HP: 16/30 MP: 8/11
  2262 | D:3      | Found a hide-covered altar of Uskayaw.
  2337 | D:4      | Reached * piety under Cheibriados
  2395 | D:5      | Noticed Edmund
  2484 | D:5      | Killed Edmund
  2484 | D:5      | Reached XP level 7. HP: 28/35 MP: 10/13
  2603 | D:6      | Reached skill level 4 in Spellcasting
  2727 | D:8      | Gained mutation: You have razor-sharp teeth. [Vine Stalker growth]
  2727 | D:8      | Reached XP level 8. HP: 38/40 MP: 8/15
  2764 | D:8      | Got an opalescent robe
  2815 | D:7      | Identified the +3 robe of Cigoi {rN+} (You found it on level 8 of the Dungeon)
  2820 | D:7      | Found a shadowy altar of Dithmenos.
  2833 | D:7      | Reached skill level 5 in Ice Magic
  2847 | D:7      | Learned a level 4 spell: Summon Ice Beast
  2913 | D:7      | Reached skill level 1 in Summonings
  2947 | D:7      | Reached ** piety under Cheibriados
  2959 | D:7      | Reached skill level 5 in Spellcasting
  3012 | D:6      | Found a burning altar of Makhleb.
  3111 | D:5      | Reached XP level 9. HP: 45/45 MP: 17/17
  3125 | D:5      | Found a transporter.
  3405 | D:6      | Reached *** piety under Cheibriados
  3645 | D:7      | Reached skill level 1 in Invocations
  3799 | D:8      | Reached skill level 6 in Spellcasting
  3820 | D:8      | Reached skill level 5 in Fighting
  3940 | D:8      | Found a white marble altar of Elyvilon.
  3980 | D:8      | Reached **** piety under Cheibriados
  3980 | D:8      | Reached XP level 10. HP: 42/51 MP: 16/20
  3981 | D:8      | Reached skill level 5 in Short Blades
  4015 | D:8      | Found a blossoming altar of Fedhas.
  4071 | D:9      | Noticed a death yak
  4071 | D:9      | Noticed a death yak
  4072 | D:9      | Found a staircase to the Lair.
  4084 | D:9      | Noticed a death yak
  4194 | D:9      | Reached ***** piety under Cheibriados
  4228 | D:9      | Noticed Psyche
  4259 | D:9      | Paralysed by something for 4 turns
  4262 | D:9      | Killed Psyche
  4295 | D:10     | Entered Level 10 of the Dungeon
  4408 | D:9      | Learned a level 2 spell: Blink
  4412 | D:9      | Learned a level 3 spell: Conjure Flame
  4434 | D:9      | Noticed Amnesiac's ghost (novice DgCj)
  4546 | D:9      | Reached skill level 7 in Spellcasting
  4658 | D:9      | Noticed a gargoyle
  4665 | D:9      | Killed a gargoyle
  4706 | D:9      | Found an ancient bone altar of Kikubaaqudgha.
  4715 | D:9      | Noticed a death yak
  4733 | D:9      | Noticed a death yak
  4754 | D:9      | Killed a death yak
  4754 | D:9      | Reached skill level 5 in Dodging
  4856 | D:9      | Killed Amnesiac's ghost
  4856 | D:9      | Reached skill level 5 in Invocations
  4856 | D:9      | Reached XP level 11. HP: 28/58 MP: 8/23
  4908 | D:9      | Noticed a death yak
  4908 | D:9      | Noticed a death yak
  4910 | D:9      | Noticed a death yak
  4913 | Lair:1   | Entered Level 1 of the Lair of Beasts
  4977 | Lair:1   | Noticed an eight-headed hydra
  4983 | Lair:1   | Killed an eight-headed hydra
  5243 | Lair:2   | Reached skill level 8 in Spellcasting
  5420 | Lair:5   | Noticed a catoblepas
  5442 | Lair:4   | Noticed a death yak
  5443 | Lair:4   | Noticed a death yak
  5447 | Lair:4   | Noticed a death yak
  5447 | Lair:4   | Noticed a death yak
  5448 | Lair:4   | Noticed a death yak
  5448 | Lair:4   | Noticed a death yak
  5450 | Lair:4   | HP: 1/58 [death yak (10)]
  5518 | Lair:3   | Learned a level 4 spell: Summon Lightning Spire
  5584 | Lair:4   | Noticed a manticore
  5585 | Lair:4   | Got a creamy pearl robe
  5617 | Lair:3   | Identified the +2 robe of the Desolation of Salt {rPois rN++ Regen+ Int-4} (You found it on level 4 of the Lair of Beasts)
  5648 | Lair:3   | Learned a level 3 spell: Mephitic Cloud
  5763 | Lair:4   | Noticed a death yak
  5773 | Lair:4   | Killed a death yak
  5773 | Lair:4   | Gained mutation: You heal very quickly. [Vine Stalker growth]
  5773 | Lair:4   | Reached XP level 12. HP: 43/64 MP: 8/25
  5830 | Lair:3   | Noticed Urug
  5868 | Lair:3   | Killed Urug
  5972 | Lair:2   | Noticed a four-headed hydra
  5985 | Lair:2   | Killed a four-headed hydra
  6052 | Lair:2   | Found a shimmering altar of Xom.
  6055 | Lair:2   | Reached skill level 5 in Unarmed Combat
  6191 | Lair:4   | Noticed Snorg
  6195 | Lair:4   | Slain by Snorg

Vault maps used:
D:1:      dpeg_arrival_more_subterranean_lakeside_camping, minivault_4
D:2:      nicolae_overflow_crystal_walls, gammafunk_temple_overflow_statue
D:3:      minmay_misc_feat_tiny, lemuel_tele_altar, uniq_crazy_yiuf_cottage,
          uniq_jessica
D:4:      okawaru_ov_weapons_minmay, first_ration, uniq_robin
D:5:      gammafunk_wand_slinger, minmay_temple_entry_trees, uniq_edmund
D:6:      makhleb_grotto_becter
D:7:      cheibrodos_barr_body, grunt_dithmenos_shadows
D:8:      fedhas_altar_1, lemuel_round_altar, grunt_livestock, uniq_grum
D:9:      kiku_gazebo_pond_becter, dpeg_lair_monsters, minmay_misc_feat_iff,
          kennysheep_generic_room_5, uniq_psyche
Temple:   oiseaux_autumnal_temple
Lair:2:   kb_xom_exploding_sheep, grunt_megastairs_3,
          infiniplex_staircase_pool_2
Lair:3:   uniq_urug
Lair:4:   minmay_shoals_entry_beasts, nicolae_spider_entry_orb_guardian,
          uniq_snorg
Lair:5:   dpeg_slime_entry_enclosed_altar, nicolae_volcano_entry_lava_flow,
          grunt_megastairs_2

Skill      XL: |  1  2  3  4  5  6  7  8  9 10 11 12 |
---------------+-------------------------------------+-----
Unarmed Combat | 1 2 4 5 |  5.0
Fighting       | 1 2 3 4 5 6 7 |  7.9
Spellcasting   | 3 4 5 6 7 8 |  8.0
Short Blades   | 1 2 3 4 6 7 |  7.8
Charms         | 1 2 3 4 |  4.0
Ice Magic      | 4 5 |  5.0
Summonings     | 2 4 |  4.9
Dodging        | 2 3 5 |  5.0
Invocations    | 2 5 6 7 |  7.2
Stealth        | |  2.4
Conjurations   | |  1.0

Action                   |  1- 3 |  4- 6 |  7- 9 | 10-12 || total
-------------------------+-------+-------+-------+-------++-------
Melee: Unarmed           |    21 |       |     6 |       ||    27
       Bite              |     9 |    55 |   126 |   228 ||   418
       Dagger            |    15 |   195 |   261 |   397 ||   868
       Punch             |       |     1 |     3 |     7 ||    11
Throw: Stone             |       |     2 |       |       ||     2
       Javelin           |       |       |       |     7 ||     7
 Cast: Freeze            |    31 |     4 |     5 |     4 ||    44
       Ozocubu's Armour  |     2 |    17 |    27 |    36 ||    82
       Summon Ice Beast  |       |       |     2 |    19 ||    21
       Blink             |       |       |       |    14 ||    14
       Summon Lightning  |       |       |       |     9 ||     9
       Conjure Flame     |       |       |       |     1 ||     1
Invok: Bend Time         |       |       |       |     1 ||     1
       Slouch            |       |       |       |     6 ||     6
       Temporal Distorti |       |       |       |     1 ||     1
Evoke: Wand              |       |       |    10 |    14 ||    24
  Use: Scroll            |     3 |     1 |     4 |    10 ||    18
       Potion            |       |       |     3 |     3 ||     6
 Stab: Sleeping          |       |     3 |     4 |     3 ||    10
       Distracted        |       |       |       |     2 ||     2
       Invisible         |       |       |       |     1 ||     1
  Eat: Chunk             |       |     7 |     5 |     4 ||    16
       Ration            |       |       |       |     1 ||     1
Armor: Robe              |    33 |    79 |    67 |   123 ||   302
       Leather armour    |       |       |    31 |       ||    31
       Skin              |       |       |       |    16 ||    16
Dodge: Dodged            |    60 |   138 |   149 |   222 ||   569

Table legend:
 A = Spawn XP
 B = Non-spawn XP
 C = Spawn XP percentage of total XP
 D = Spawn monster count
 E = Non-spawn monster count
 F = Spawn count percentage of total count
 G = Total turns spent on level
                    A         B        C        D         E        F      G
               +---------+---------+-------+---------+---------+-------+---------
         Total |       0 |   20897 |   0.0 |       0 |     229 |   0.0 |  6195
               +---------+---------+-------+---------+---------+-------+---------
           D:1 |       0 |      28 |   0.0 |       0 |      17 |   0.0 |   642
           D:2 |       0 |     135 |   0.0 |       0 |      22 |   0.0 |   552
           D:3 |       0 |     119 |   0.0 |       0 |      25 |   0.0 |   466
           D:4 |       0 |      41 |   0.0 |       0 |      14 |   0.0 |   418
           D:5 |       0 |     747 |   0.0 |       0 |      21 |   0.0 |   546
           D:6 |       0 |     494 |   0.0 |       0 |       9 |   0.0 |   319
           D:7 |       0 |    1549 |   0.0 |       0 |      23 |   0.0 |   439
           D:8 |       0 |    1884 |   0.0 |       0 |      23 |   0.0 |   427
           D:9 |       0 |    4664 |   0.0 |       0 |      25 |   0.0 |   771
          D:10 |       0 |     175 |   0.0 |       0 |       3 |   0.0 |   110
        Lair:1 |       0 |    1597 |   0.0 |       0 |       4 |   0.0 |   271
        Lair:2 |       0 |    3432 |   0.0 |       0 |      17 |   0.0 |   275
        Lair:3 |       0 |    2454 |   0.0 |       0 |      10 |   0.0 |   401
        Lair:4 |       0 |    2728 |   0.0 |       0 |      11 |   0.0 |   292
        Lair:5 |       0 |     850 |   0.0 |       0 |       5 |   0.0 |    43
               +---------+---------+-------+---------+---------+-------+---------
